AoeStats
← JRazzz

Arabia

505908949Analyzed
4v4 RM · 21d ago on Sep 11, 2026· 33m 8s· 8 players
Game mode
Random Map
Map size
Large (8 player)
Population
200
Speed
Normal
Resources
Standard
Victory
Conquest
Starting age
Dark Age
Ending age
Imperial Age
RankedLock teamsTeams togetherTeam positionsShared explorationLock speedFull tech treeHidden civsTurbo modeCheats
Victory
Defeat
🇹🇷 Japanese · Türkiye
1328
+16
🇺🇸 Slavs · United States
1309
+16
🇬🇧 Britons · United Kingdom
1279
+18
🇩🇪 Huns · Germany
1242
+19
🇨🇱 Burgundians · Chile
1494
-24
🇨🇴 Vietnamese · Colombia
1354
-19
🇦🇷 Ethiopians · Argentina
1255
-15
🇪🇨 Franks · Ecuador
1156
-11
JRazzz
5:30 Loom
9:24 Feudal Age
10:28 Double-Bit Axe
12:27 Fletching
13:17 Horse Collar
18:15 Padded Archer Armor
23:43 Castle Age
22:09 Gold Mining
23:45 Crossbowman
24:28 Bodkin Arrow
26:16 Ballistics
26:22 Leather Archer Armor
4♚Dreams
6:36 Loom
10:48 Feudal Age
11:33 Double-Bit Axe
14:59 Scale Barding Armor
16:04 Horse Collar
17:09 Forging
22:17 Castle Age
20:24 Gold Mining
21:20 Bloodlines
23:02 Husbandry
23:42 Gold Shaft Mining
23:19 Bow Saw
23:14 Heavy Plow
26:37 Chain Barding Armor
32:44 Iron Casting
Nocnamania
2:34 Loom
10:54 Feudal Age
11:44 Town Watch
18:13 Fletching
22:07 Castle Age
22:10 Elite Skirmisher
22:15 Pikeman
26:25 Scale Mail Armor
26:56 Double-Bit Axe
30:42 Bow Saw
31:45 Forging
twelve
6:23 Loom
9:41 Feudal Age
10:16 Double-Bit Axe
10:12 Horse Collar
12:25 Forging
14:50 Padded Archer Armor
14:58 Scale Barding Armor
22:13 Castle Age
21:02 Bloodlines
23:01 Wheelbarrow
22:57 Husbandry
23:31 Heavy Plow
24:37 Bow Saw
29:51 Gold Mining
34:09 Iron Casting
| CZK | CONANJD
6:42 Loom
9:26 Feudal Age
10:01 Double-Bit Axe
17:00 Forging
17:22 Scale Barding Armor
23:53 Castle Age
23:31 Gold Mining
25:44 Iron Casting
25:53 Bow Saw
26:46 Wheelbarrow
27:35 Husbandry
30:55 Chain Barding Armor
| CZK | Kyzhen
6:26 Double-Bit Axe
6:38 Loom
7:28 Double-Bit Axe
9:17 Feudal Age
7:52 Double-Bit Axe
10:31 Horse Collar
16:59 Bow Saw
17:17 Scale Barding Armor
18:42 Wheelbarrow
19:04 Heavy Plow
24:32 Castle Age
23:17 Forging
23:55 Gold Mining
26:15 Two-Man Saw
25:46 Chain Barding Armor
26:07 Husbandry
26:57 Iron Casting
Rocker_
5:17 Loom
9:46 Feudal Age
13:43 Fletching
17:16 Padded Archer Armor
23:18 Castle Age
22:44 Gold Mining
23:21 Crossbowman
23:57 Bodkin Arrow
25:52 Double-Bit Axe
29:26 Leather Archer Armor
31:44 Ballistics
| CZK | DiegoAvalo
6:57 Loom
9:13 Feudal Age
9:56 Double-Bit Axe
14:33 Fletching
24:32 Castle Age
24:34 Crossbowman
25:15 Bodkin Arrow
Connection lost

Rejoining the realm…

Still unreachable

The connection could not be restored.

Session expired

The server has moved on; the page needs a fresh start.